 Dungeon Crawl Stone Soup version 0.14.0-18-g0341e45 (webtiles) character file.

196 staplegun the Skirmisher (level 4, -3/29 HPs)
             Began as a Gargoyle Fighter on Apr 19, 2014.
             Killed from afar by an orc wizard (11 damage)
             ... with a puff of flame
             ... on Level 3 of the Dungeon.
             The game lasted 00:01:46 (1643 turns).

staplegun the Skirmisher (Gargoyle Fighter)         Turns: 1643, Time: 00:01:46

HP  -3/29        AC 10     Str 20      XL: 4   Next: 90%
MP   4/4         EV  6     Int  9      God:
Gold 87          SH 18     Dex  9      Spells:  0 memorised,  3 levels left

rFire  . . .     SeeInvis .     a - +0 trident
rCold  . . .     Clarity  .     b - +0 scale mail
rNeg   + . .     Conserve .     c - +0 shield
rPois  +         rCorr    .     (no helmet)
rElec  +         rRot     +     (no cloak)
SustAb . .       Spirit   .     (no gloves)
rMut   .         Warding  .     (no boots)
Saprov . . .     Stasis   .     (no amulet)
MR     .....                    (no ring)
                                (no ring)

@: not resistant to hostile enchantments, extremely unstealthy
A: life protection 1, electricity resistance, unbreathing, petrification
resistance, AC +3
a: no special abilities


You were on level 3 of the Dungeon.
You were very hungry.

You visited 1 branch of the dungeon, and saw 3 of its levels.

You collected 87 gold pieces.

Inventory:

Hand weapons
 a - a +0,+0 trident (weapon)
Armour
 b - a +0 scale mail (worn)
 c - a +0 shield (worn)
Comestibles
 d - 3 bread rations
 g - an apple
Scrolls
 h - a scroll of enchant weapon II {unknown}
 i - 4 scrolls of identify {unknown}
 j - 2 scrolls of teleportation {unknown}
 m - a scroll of fear {unknown}
 o - a scroll of remove curse {unknown}
 r - 2 scrolls of enchant weapon I {unknown}
Jewellery
 f - an uncursed ring of sustenance {unknown}
 l - an uncursed ring of wizardry {unknown}
Potions
 e - a potion of might
 k - 2 potions of haste {unknown}
 n - a potion of poison {unknown}
 p - a potion of heal wounds {unknown}


   Skills:
 + Level 4.1 Fighting
 + Level 2.5 Polearms
 + Level 4.1 Armour
 + Level 4.1 Shields


You had 3 spell levels left.
You didn't know any spells.

Dungeon Overview and Level Annotations

Branches:
Dungeon (3/15)

Altars:


Innate Abilities, Weirdness & Mutations

You are resistant to torment.
You are immune to poison.
You are immune to rotting.
Your stone body is very resilient (AC +3).
You resist negative energy.
You are resistant to electric shocks.
You can survive without breathing.
You are immune to petrification.


Message History

You hear some strange, mumbled words.
The puff of frost hits you!
You hear some strange, mumbled words.
A puff of flame appears from out of thin air!
The puff of flame misses you. The orc hits you but does no damage.
You closely miss the orc.
The orc is severely wounded.
Something hits you but does no damage. The orc hits you with a flail.
Something hits you.
You barely miss the orc.
The orc is severely wounded.
You hear some strange, mumbled words.
A puff of flame appears from out of thin air!
The puff of flame hits you!
* * * LOW HITPOINT WARNING * * *
The orc barely misses you.
You hear some strange, mumbled words.
A puff of flame appears from out of thin air!
The puff of flame hits you!
You die...

#####.## ##### #. #...##
#. #.#..# . #....######
.# ######......# #. ..#
#.####.# #. #.# #.####.#
#######o#####.# #.......
#......{@..##.####.####.#
........##.##.#....####.#
...........).....8.....#
......##.#.........#####
...... #...#.8.<...#
..... #####.......# ...
#.....8## .. ####.#...##
#..).%...#


You could see an orc.

Vanquished Creatures
  An orc wizard (D:3)
  4 adders
  4 orcs (D:3)
  9 bats
  2 giant cockroaches (D:1)
  5 hobgoblins
  2 jackals (D:3)
  4 kobolds
  4 giant newts
  3 goblins
  A quokka (D:2)
  7 rats
46 creatures vanquished.

Notes
Turn   | Place    | Note
--------------------------------------------------------------
     0 | D:1      | staplegun, the Gargoyle Fighter, began the quest for the Orb.
     0 | D:1      | Reached XP level 1. HP: 14/14 MP: 1/1
   203 | D:1      | Reached XP level 2. HP: 19/19 MP: 2/2
   712 | D:2      | Reached XP level 3. HP: 22/24 MP: 3/3
  1462 | D:3      | Reached skill level 4 in Fighting
  1487 | D:3      | Reached XP level 4. HP: 24/29 MP: 4/4
  1643 | D:3      | Killed from afar by an orc wizard

Action                   |  1- 3 |  4- 6 || total
-------------------------+-------+-------++-------
Melee: Trident           |   201 |    81 ||   282
